 Dungeon Crawl Stone Soup version 0.30-a0-568-g124715a40b (webtiles) character file.

Game seed: 3066905195789765592

3 bmack86 the Trooper (level 1, -4/20 HPs)
             Began as a Minotaur Fighter on Dec 29, 2022.
             Succumbed to a kobold's poison
             ... on level 1 of the Dungeon.
             The game lasted 00:00:11 (48 turns).

bmack86 the Trooper (Minotaur Fighter)                Turns: 48, Time: 00:00:11

Health: -4/20      AC:  7    Str: 20    XL:     1   Next: 41%
Magic:  0/0        EV:  9    Int:  5    God:
Gold:   0          SH:  4    Dex:  9    Spells: 0/0 levels left

rFire   . . .      SeeInvis .    a - +0 war axe
rCold   . . .      Faith    .    c - +0 buckler
rNeg    . . .      Spirit   .    b - +0 scale mail
rPois   .          Reflect  .    (helmet restricted)
rElec   .          Harm     .    (no cloak)
rCorr   .          Rampage  .    (no gloves)
Will    .....                    (no boots) Stlth
                                 (no amulet)
HPRegen 0.23/turn                (no ring)
MPRegen 0.07/turn                (no ring)

@: lethally poisoned (-4 -> -23)
A: horns 2, retaliatory headbutt
a: no special abilities


You were on level 1 of the Dungeon.
You visited 1 branch of the dungeon, and saw 1 of its levels.

Inventory:

Hand Weapons
 a - a +0 war axe (weapon)
Armour
 b - a +0 scale mail (worn)
 c - a +0 buckler (worn)
Potions
 d - a potion of might


   Skills:
 + Level 3.7 Fighting
 + Level 2.5 Axes
 + Level 3.7 Armour
 + Level 3.7 Shields


You couldn't memorise any spells.
You didn't know any spells.
Your spell library was empty.

Dungeon Overview and Level Annotations

Branches:
Dungeon (1/15)

Altars:


Innate Abilities, Weirdness & Mutations

You have a pair of horns on your head.
You reflexively headbutt those who attack you in melee.


Message History

Found a robe.
You block the bat's attack. The bat completely misses you.
The bat hits you but does no damage. The bat hits you but does no damage. x2
You hit the goblin.
You kill the goblin!
You slash the bat!
You kill the bat!
The bat hits you but does no damage. The bat barely misses you.
Things that are here:
a +0 club; a goblin corpse You hit the bat.
You kill the bat!
Found a stone staircase leading down.
Found 3 stones.
A kobold and a ball python come into view.
The kobold is wielding a +0 whip of venom.
The ball python hisses angrily.
The kobold throws a stone.
The stone barely misses you.
Found 8 gold pieces.
The ball python bites you but does no damage.
The ball python grabs you. The ball python constricts you.
You hit the ball python.
You kill the ball python!
You closely miss the kobold.
The kobold hits you with a +0 whip of venom.
You are poisoned.
You barely miss the kobold.
You feel very sick. The kobold hits you but does no damage.
You are lethally poisoned!
The kobold hits you with a +0 whip of venom.
You are more poisoned.
You completely miss the kobold.
* * * LOW HITPOINT WARNING * * *
You feel extremely sick. The kobold hits you but does no damage.
You slash the kobold!
You kill the kobold!
You die...

#.# #.# #.# ####.#
#########.##.# ####
#............# #$...
##.##...(.~~..##
#.....###.....~~~~~~~...
#..~..)@..~~~~~~≈~≈≈~~..
..~~~....~≈~~~≈≈≈≈≈≈~~~.
.~~≈~~~~~~≈≈≈≈≈≈≈≈≈≈≈~~.
~~≈≈≈≈~~≈≈≈≈≈≈≈≈#####≈~~
~≈≈≈≈≈≈≈≈≈≈≈≈≈≈##...##~~
~≈≈≈≈≈≈≈≈≈≈≈≈≈≈#..>..#≈~
≈≈≈≈≈≈≈≈≈≈≈≈≈≈≈#..<..#~~
≈≈≈≈≈≈≈≈≈≈≈≈≈≈≈#.....#~~
≈≈≈~##...##~~


There were no monsters in sight!

Vanquished Creatures
  2 bats (D:1)
  A ball python (D:1)
  A goblin (D:1)
  A kobold (D:1)
5 creatures vanquished.

Notes
Turn   | Place    | Note
-------+----------+-------------------------------------------
     0 | D:1      | bmack86 the Minotaur Fighter began the quest for the Orb.
     0 | D:1      | Reached XP level 1. HP: 19/19 MP: 0/0
    47 | D:1      | HP: 1/20 [poisoned by a kobold]
    48 | D:1      | Succumbed to a kobold's poison

Illustrated notes

Levels and vault maps discovered:
D:1:      minmay_arrival_shoal_huts, layout_loops_ring, roderic_lattice_a

Action                   || total
-------------------------++-------
Melee: War axe           ||     7
Armor: Scale mail        ||     7
Dodge: Dodged            ||     3
Block: Buckler           ||     1

Table legend: (Time is in decaauts)
 A = Elapsed time spent in this place.
 B = Non-inter-level travel time spent in this place.
 C = Inter-level travel time spent in this place.
 D = Time resting spent in this place.
 E = Time spent auto-exploring this place.
 F = Levels seen in this place.
 G = Mean time per level.
                   A        B        C        D        E       F      G
               +--------+--------+--------+--------+--------+-----+--------+
         Total |     50 |     50 |      0 |      0 |     29 |   1 |   50.0 |
       Dungeon |     50 |     50 |      0 |      0 |     29 |   1 |   50.0 |
               +--------+--------+--------+--------+--------+-----+--------+

Top non-repeatable levels by time:
     D:1: 50 daAuts
